AoeStats
← tinuss

Fortress

510707066Analyzed
1v1 RM · 12h ago on Oct 2, 2026· 51m 15s· 2 players
Game mode
Random Map
Map size
Small (3 player)
Population
200
Speed
Normal
Resources
Standard
Victory
Conquest
Starting age
Dark Age
Ending age
Imperial Age
RankedLock teamsTeams togetherTeam positionsShared explorationLock speedFull tech treeHidden civsTurbo modeCheats
Victory
Defeat
🇪🇸 Franks · Spain
929
+15
🇩🇪 Cumans · Germany
917
-15
roro
7:26 Feudal Age
8:31 Double-Bit Axe
8:29 Horse Collar
11:57 Wheelbarrow
12:21 Scale Mail Armor
12:32 Forging
25:27 Arson
33:12 Castle Age
42:56 Imperial Age
40:24 Fletching
41:10 Bodkin Arrow
42:10 Chain Mail Armor
42:03 Squires
43:35 Iron Casting
43:29 Padded Archer Armor
45:40 Leather Archer Armor
46:18 Pikeman
50:35 Ring Archer Armor
50:56 Halberdier
tinuss
7:33 Feudal Age
8:05 Double-Bit Axe
13:17 Castle Age
11:03 Loom
17:36 Scale Mail Armor
17:47 Forging
30:31 Wheelbarrow
30:40 Fletching
34:52 Bow Saw
38:12 Imperial Age
36:00 Scale Barding Armor
36:19 Gold Mining
36:20 Stone Mining
39:14 Gold Shaft Mining
39:34 Chain Barding Armor
39:04 Cavalier
40:22 Iron Casting
40:07 Hand Cart
41:45 Plate Barding Armor
42:56 Chain Mail Armor
43:37 Paladin
45:30 Padded Archer Armor
46:30 Blast Furnace
46:57 Plate Mail Armor
46:23 Bodkin Arrow
48:07 Elite Skirmisher
49:19 Leather Archer Armor
51:43 Chemistry
51:05 Ballistics
51:45 Chemistry
Connection lost

Rejoining the realm…

Still unreachable

The connection could not be restored.

Session expired

The server has moved on; the page needs a fresh start.